Map: Acropolis LE

Players

TYTY (TY) - Winner!

  • Race: Terran Terran
  • League: Master
  • Spawn Location: 11:00

Serral

  • Race: Zerg Zerg
  • League: Grandmaster
  • Spawn Location: 5:00

Event: HomeStory Cup XIX

VOD

Have the link to the VOD?

Description

Time

  • Played on: June 30, 2019, 5:40 p.m.
  • Length: 4:52

All games in this series

Show
View Real Time Build Order
Export as new Build Order

TYTY Terran - Winner!

Build Orders: Reaper Expand 

Get SALT Encoding   

  12  0:00  SCV  
  13  0:12  SCV  
  14  0:17  Supply Depot  
  14  0:24  SCV  
  15  0:38  SCV  
  15  0:41  Barracks  
  16  0:46  Refinery  
  16  0:50  SCV  
  17  1:02  SCV  
  18  1:15  SCV  
  19  1:30  Orbital Command, Reaper  
  20  1:43  Command Center  
  20  1:49  Bunker  
  20  1:56  SCV  
  21  2:02  Supply Depot  
  21  2:04  Marine  
  22  2:12  SCV  
  22  2:14  Factory  
  23  2:23  Marine  
  23  2:24  SCV  
  25  2:36  SCV  
  26  2:45  Command Center  
  26  2:50  SCV  
  27  2:56  Orbital Command  
  27  2:58  Factory Reactor  
  27  3:02  SCV  
  28  3:10  Starport  
  28  3:14  SCV  
  28  3:18  Refinery  
  29  3:22  SCV  
  29  3:26  SCV  
  31  3:34  SCV, Hellion x2  
  36  3:38  SCV  
  37  3:46  Starport Tech Lab, SCV  
  38  3:50  SCV  
  43  3:55  Hellion  
  43  3:56  Hellion  
  43  3:59  SCV  
  44  4:05  Raven  
  44  4:06  SCV  
  44  4:07  Orbital Command  
  46  4:11  SCV  
  51  4:17  Hellion x2  
  51  4:18  SCV  
  51  4:20  Barracks Tech Lab  
Show
View Real Time Build Order
Export as new Build Order

Serral Zerg 

Build Orders: Hatch First, Zergling Baneling 

Get SALT Encoding   

  12  0:00  Drone  
  13  0:12  Overlord  
  13  0:17  Drone  
  14  0:30  Drone x2  
  16  0:47  Hatchery  
  15  0:51  Drone  
  15  0:54  Drone  
  17  0:57  Drone  
  18  1:08  Extractor  
  17  1:13  Spawning Pool  
  17  1:16  Drone  
  17  1:19  Drone  
  18  1:28  Drone  
  19  1:38  Drone  
  20  2:02  Zergling x2, Queen, Spine Crawler  
  20  2:03  Zergling x2  
  20  2:04  Zergling x2  
  24  2:15  Queen  
  25  2:18  Spore Crawler  
  23  2:28  Zergling x4  
  26  2:43  Overlord  
  28  2:48  Metabolic Boost  
  28  2:53  Overlord  
  26  3:03  Zergling x10  
  31  3:06  Zergling x2  
  32  3:16  Zergling x2, Baneling Nest  
  32  3:21  Zergling x2  
  32  3:26  Zergling x4  
  35  3:31  Zergling x2  
  36  3:35  Zergling x2  
  36  3:40  Zergling x2  
  38  3:43  Zergling x2  
  39  3:50  Overlord  
  37  4:04  Baneling x6  
  37  4:13  Zergling x4  
  37  4:16  Zergling x2  
  40  4:19  Zergling x2  
  39  4:25  Zergling x2  
  39  4:28  Zergling x2  
  39  4:29  Baneling  
  39  4:32  Baneling x2  
Tags
 
Add a new tag
Caveats
  • Supply blocks, unpowered buildings, or Contaminate may cause inaccurate times.
  • Supply counts are checked every 10 seconds.